 Dungeon Crawl Stone Soup version 0.28-a0-751-gef3a642a4e (webtiles) character file.

Game seed: 16993038863288472248

4623 Johnny the Carver (level 10, -5/83 HPs)
             Began as a Human Berserker on Oct 30, 2021.
             Was a Priest of Trog.
             Slain by a hornet (13 damage)
             ... on level 8 of the Dungeon.
             The game lasted 00:08:08 (7816 turns).

Johnny the Carver (Human Berserker)                 Turns: 7816, Time: 00:08:09

Health: -5/83      AC:  9    Str: 22    XL:     10   Next: 70%
Magic:  10/10      EV: 12    Int:  7    God:    Trog [***...]
Gold:   91         SH:  0    Dex: 12    Spells: 9/9 levels left

rFire   + . .      SeeInvis .   k - +0 long sword (vamp)
rCold   . . .      Faith    .   (no shield)
rNeg    . . .      Spirit   .   n - +0 steam dragon scales
rPois   .          Reflect  .   e - +2 hat
rElec   .          Harm     .   (no cloak)
rCorr   .          Rampage  .   D - +1 pair of gloves
Will    .....                   (no boots)
Stlth   +.........              q - amulet of the acrobat
HPRegen 0.23/turn               b - ring of protection from fire
MPRegen 0.12/turn               (no ring)

@: lethally poisoned (-5 -> -10), about to teleport, on berserk cooldown,
slowed, very slow
A: no striking features
a: Renounce Religion, Berserk, Trog's Hand


You were on level 8 of the Dungeon.
You worshipped Trog.
Trog was most pleased with you.
You visited 1 branch of the dungeon, and saw 8 of its levels.

You collected 331 gold pieces.
You spent 240 gold pieces at shops.

Inventory:

Hand Weapons
 a - a +0 falchion
 k - a +0 vampiric long sword (weapon)
 y - a +0 scimitar of freezing
Missiles
 i - a throwing net (quivered)
Armour
 e - a +2 hat (worn)
 n - +0 steam dragon scales (worn)
 C - a +0 leather armour of cold resistance
 D - a +1 pair of gloves (worn)
Jewellery
 b - a ring of protection from fire (left hand)
 j - an amulet of faith
 q - an amulet of the acrobat (around neck)
Wands
 u - a wand of flame (8)
 B - a wand of iceblast (10)
Scrolls
 c - a scroll of vulnerability
 g - 2 scrolls of enchant weapon {unknown}
 m - a scroll of blinking {unknown}
 o - a scroll of noise {unknown}
 p - a scroll of enchant armour {unknown}
 r - a scroll of teleportation
 s - a scroll of immolation
 v - a scroll of silence {unknown}
 w - a scroll of magic mapping {unknown}
 x - a scroll of acquirement {unknown}
 E - a scroll of fear {unknown}
Potions
 d - 3 potions of degeneration
 f - a potion of haste
 l - 5 potions of curing {unknown}
 A - a potion of might


   Skills:
 + Level 9.2 Fighting
 * Level 12.5 Long Blades
 - Level 2.0 Armour
 - Level 2.0 Dodging


You had 9 spell levels left.
You didn't know any spells.
Your spell library was empty.

Dungeon Overview and Level Annotations

Branches:
Dungeon (8/15)             Temple (0/1) D:7            Lair (0/6) D:8

Altars:
Xom
Yredelemnul

Shops:
D:2 (   D:6 :*   D:7 [

Annotations:
D:7 2 transporters, Zigma's ghost, novice OpNe
D:8 Harold


Message History

The hornet is moderately wounded.
The hornet barely misses you.
You hit the hornet but do no damage.
The hornet is moderately wounded.
You feel sick. The hornet stings you!
* * * LOW HITPOINT WARNING * * *
You feel as though you will be slow longer.
You closely miss the orc priest.
You feel sick. The hornet stings you.
* * * LOW HITPOINT WARNING * * *
You feel as though you will be slow longer.
The orc priest hits you with a +0 club.
* * * LOW HITPOINT WARNING * * *
You hit the orc priest but do no damage.
You feel sick. The hornet stings you.
* * * LOW HITPOINT WARNING * * *
You are more poisoned.
You feel as though you will be slow longer.
The hornet barely misses you.
The orc priest hits you but does no damage.
You slice the hornet!!
You feel better.
The hornet is almost dead.
You are no longer berserk.
You are exhausted.
You feel as though you will be slow longer.
You feel sick.
Harold the Weathered comes into view.
He is wielding a +2 trident of protection.
The hornet stings you.
* * * LOW HITPOINT WARNING * * *
You feel as though you will be slow longer.
Okay, then.
Okay, then.
As you read the scroll of teleportation, it crumbles to dust.
You feel strangely unstable.
You feel very sick. The hornet closely misses you.
The orc priest calls down the wrath of Beogh upon you.
Beogh smites you!
* * * LOW HITPOINT WARNING * * *
The hornet stings you!
You die...

#......... ....
..P........
.@..###
#....P......
....#.
#.....P.....
#....
#...P.♣.P...
....##
.......>...
#...# ...♣....
#yo## .P......
#@.# ....P....
#..## .P........
##..# #.#..
..... #..###....
.... ##..#....#
..# #.......# #
###.......# ##
.#####.........#
#.
...............#
##.


You could see Harold, a hornet and an orc priest.

Vanquished Creatures
  A gargoyle (D:7)
  3 wyverns (D:8)
  2 steam dragons
  3 yaks
  5 water moccasins
  5 ice beasts
  An orc warrior (D:5)
  A necrophage (D:5)
  3 ogres
  A kobold brigand (D:7)
  A gnoll sergeant (D:4)
  3 scorpions (D:5)
  2 wyvern skeletons
  10 killer bees
  5 wights
  3 orc priests
  4 hounds
  A centaur skeleton (D:5)
  A jelly (D:6)
  A gnoll shaman (D:6)
  2 iguanas (D:5)
  Jessica (D:3)
  An orc wizard (D:6)
  10 gnolls
  A howler monkey skeleton (D:5)
  8 adders
  A shadow imp (D:6)
  A white imp (D:5)
  2 worms
  22 orcs
  8 endoplasms
  6 giant cockroaches
  5 goblins
  6 hobgoblins
  8 jackals
  5 quokkas
  8 ball pythons
  8 bats
  3 frilled lizards
  10 kobolds
  6 rats
178 creatures vanquished.

Vanquished Creatures (others)
  5 fungi (D:8)
  12 plants (D:8)
17 creatures vanquished.

Grand Total: 195 creatures vanquished

Notes
Turn   | Place    | Note
-------+----------+-------------------------------------------
     0 | D:1      | Johnny the Human Berserker began the quest for the Orb.
     0 | D:1      | Reached XP level 1. HP: 18/18 MP: 1/1
   297 | D:1      | Reached XP level 2. HP: 24/24 MP: 2/2
   568 | D:1      | Reached XP level 3. HP: 29/29 MP: 3/3
   959 | D:1      | Reached ** piety under Trog
  1082 | D:2      | Found a shimmering altar of Xom.
  1100 | D:2      | Reached skill level 4 in Long Blades
  1108 | D:2      | Reached XP level 4. HP: 31/35 MP: 4/4
  1336 | D:2      | Found Xihaik's Weapon Shop.
  1588 | D:2      | Found a faded altar of an unknown god.
  1941 | D:3      | Reached XP level 5. HP: 35/42 MP: 5/5
  2023 | D:3      | Noticed Jessica
  2029 | D:3      | Killed Jessica
  2064 | D:3      | Reached skill level 5 in Long Blades
  2107 | D:3      | Found a basalt altar of Yredelemnul.
  2199 | D:3      | Reached *** piety under Trog
  2569 | D:4      | Reached XP level 6. HP: 33/48 MP: 6/6
  2626 | D:4      | Noticed an ice beast
  2638 | D:4      | Killed an ice beast
  2881 | D:4      | Reached skill level 6 in Long Blades
  2887 | D:4      | Reached XP level 7. HP: 36/55 MP: 7/7
  3205 | D:5      | Entered Level 5 of the Dungeon
  3223 | D:5      | Reached skill level 5 in Fighting
  3455 | D:5      | Reached skill level 7 in Long Blades
  3725 | D:5      | Reached XP level 8. HP: 43/63 MP: 8/8
  4141 | D:5      | Reached skill level 8 in Long Blades
  4219 | D:5      | Reached skill level 9 in Long Blades
  4324 | D:5      | Reached XP level 9. HP: 63/71 MP: 9/9
  4408 | D:6      | Found Naobri Ymahi's Book Boutique.
  4819 | D:6      | Reached **** piety under Trog
  5111 | D:6      | Found Hum Nics's Assorted Antiques.
  5126 | D:6      | Bought a runed helmet for 240 gold pieces
  5185 | D:6      | Reached skill level 10 in Long Blades
  5444 | D:7      | Noticed a gargoyle
  6087 | D:7      | Reached skill level 11 in Long Blades
  6197 | D:7      | Reached XP level 10. HP: 51/80 MP: 10/10
  6225 | D:7      | Killed a gargoyle
  6359 | D:7      | Found Zesesus's Armour Shoppe.
  6447 | D:7      | Found a transporter.
  6487 | D:7      | Noticed Zigma's ghost (novice OpNe)
  6488 | D:7      | Found a staircase to the Ecumenical Temple.
  6527 | D:7      | Found a transporter.
  7139 | D:8      | Reached skill level 12 in Long Blades
  7390 | D:8      | Found a staircase to the Lair.
  7805 | D:8      | Paralysed by a hornet for 3 turns
  7815 | D:8      | Noticed Harold
  7816 | D:8      | Slain by a hornet

Illustrated notes

Levels and vault maps discovered:
D:1:      lightli_arrival_quake, layout_loops_ring, minmay_three_crescents
D:2:      layout_rooms, basic_altar, ebering_ecumenical_altar_rust,
          serial_shops, nicolae_shop_waterfront, skrybe_limestone_x,
          bh_walls_and_bars
D:3:      layout_rooms, general_overflow_altar, uniq_jessica
D:4:      layout_cave_pools, lightli_minifort
D:5:      layout_rooms, sigmund_army
D:6:      layout_loops_corners, serial_glass, glass_columns_a, glass_columns_a,
          glass_columns_c, glass_columns_a, glass_columns_a, glass_columns_a,
          glass_columns_a, glass_columns_c, glass_columns_c, glass_columns_b,
          glass_columns_b, glass_columns_a, glass_columns_a, glass_columns_a,
          serial_shops, nicolae_stop_n_shop_1, nicolae_shop_trees
D:7:      layout_basic, minmay_temple_entry_drinking_statues, serial_shops,
          shop, gammafunk_ghost_hive
D:8:      layout_layer_cave, minmay_overflow_temple_star_quad,
          minmay_lair_entry_grove, uniq_harold, uniq_joseph

Skill      XL: |  1  2  3  4  5  6  7  8  9 10 |
---------------+-------------------------------+-----
Long Blades    | 4 5 6 7 9 11 12 | 12.5
Fighting       | 4 5 6 8 9 |  9.2
Armour         | |  2.0
Dodging        | |  2.0

Action                   |  1- 3 |  4- 6 |  7- 9 | 10-12 || total
-------------------------+-------+-------+-------+-------++-------
Melee: Falchion          |    78 |   196 |   106 |       ||   380
       Scimitar          |       |       |   166 |    75 ||   241
       Long sword        |       |       |       |    10 ||    10
Throw: Throwing net      |       |       |       |     1 ||     1
Invok: Berserk           |     2 |     5 |     9 |     7 ||    23
       Trog's Hand       |       |     1 |     5 |     6 ||    12
Evoke: Wand              |       |       |    19 |     4 ||    23
  Use: Scroll            |       |       |     1 |     9 ||    10
       Potion            |       |       |       |     4 ||     4
Armor: Animal skin       |     9 |       |       |       ||     9
       Ring mail         |    37 |   122 |    31 |       ||   190
       Steam dragon scal |       |       |    86 |    20 ||   106
Dodge: Dodged            |    74 |   187 |   241 |    47 ||   549

Table legend: (Time is in decaauts)
 A = Elapsed time spent in this place.
 B = Non-inter-level travel time spent in this place.
 C = Inter-level travel time spent in this place.
 D = Time resting spent in this place.
 E = Time spent auto-exploring this place.
 F = Levels seen in this place.
 G = Mean time per level.
                   A        B        C        D        E       F      G
               +--------+--------+--------+--------+--------+-----+--------+
         Total |   7974 |   7762 |    212 |   1648 |   4708 |   8 |  996.8 |
       Dungeon |   7974 |   7762 |    212 |   1648 |   4708 |   8 |  996.8 |
               +--------+--------+--------+--------+--------+-----+--------+

Top non-repeatable levels by time:
     D:7: 1454 daAuts
     D:6: 1450 daAuts
     D:1: 1099 daAuts
     D:5: 1040 daAuts
     D:4: 1014 daAuts
     D:2: 808 daAuts
     D:3: 572 daAuts
     D:8: 533 daAuts
